 Seeded DCSS version 0.30.1 (webtiles) character file.

Game seed: 6351066067085065685 (custom seed)

4 Esekla the Grave Robber (level 1, -1/8 (10) HPs)
             Began as a Deep Elf Necromancer on July 8, 2023.
             Slain by a goblin
             ... wielding a +1 dagger of draining
              (3 damage)
             ... on level 1 of the Dungeon.
             The game lasted 00:01:18 (170 turns).

Esekla the Grave Robber (Deep Elf Necromancer)       Turns: 170, Time: 00:01:19

HP:   -1/8 (10)     AC:  2    Str:  5    XL:     1   Next: 50%
MP:   6/6           EV: 12    Int: 19    God:
Gold: 0             SH:  0    Dex: 15    Spells: 5/6 levels left

rFire   . . .        c - +0 short sword
rCold   . . .        (no shield)
rNeg    . . .        a - +0 robe
rPois   .            (no helmet)
rElec   .            (no cloak)
rCorr   .            (no gloves)
SInv    .            (no boots)
Will    .....        (no amulet)
Stlth   ++           (no ring)
HPRegen 0.21/turn    (no ring)
MPRegen 0.10/turn

%: no passive effects
@: heavily drained
A: no striking features
a: no special abilities


You were on level 1 of the Dungeon.
You visited 1 branch of the dungeon, and saw 1 of its levels.

Inventory:

Hand Weapons
 c - a +0 short sword (weapon)
Armour
 a - a +0 robe (worn)
Scrolls
 e - a scroll of fear {unknown}
 f - a scroll of identify {unknown}
Potions
 b - a potion of magic
 d - a potion of ambrosia {unknown}


   Skills:
 * Level 2.4 Dodging
 + Level 2.5 Stealth
 * Level 3.0 Spellcasting
 + Level 5.0 Necromancy


You had 5 spell levels left.
You knew the following spells:

 Your Spells              Type           Power      Damage    Failure   Level
a - Necrotise             Necr           84%        1d8       1%          1

Your spell library contained the following spells:

 Spells                   Type           Power      Damage    Failure   Level
 Vampiric Draining        Necr           21%        2d7       6%          3
 Animate Dead             Necr           21%        N/A       19%         4
 Agony                    Necr           21%        N/A       47%         5


Dungeon Overview and Level Annotations

Branches:
Dungeon (1/15)

Altars:


Message History

You closely miss the kobold.
The kobold is severely wounded.
The kobold barely misses you.
You hit the kobold.
You kill the kobold!
d - a fuming coppery potion
Found a scroll labelled QOIXKOT YTEE.
Found a scroll labelled OPUZOUSOET.
e - a scroll labelled QOIXKOT YTEE An endoplasm comes into view.
A frilled lizard comes into view.
You see here a scroll labelled OPUZOUSOET.
f - a scroll labelled OPUZOUSOET The frilled lizard hisses angrily.
You hear an angry hiss.
You hit the frilled lizard.
You kill the frilled lizard!
Your Necromancy skill increases to level 5!
A goblin comes into view. It is wielding a +1 dagger of draining.
The goblin shouts!
You closely miss the goblin. The goblin hits you but does no damage.
You feel drained.
You hit the goblin.
The goblin is moderately wounded.
The goblin barely misses you.
You hit the goblin.
The goblin is severely wounded.
The goblin closely misses you.
You barely miss the goblin.
The goblin is severely wounded.
The goblin barely misses you.
You barely miss the goblin.
The goblin is severely wounded.
The goblin hits you with a +1 dagger of draining.
Ouch! That really hurt!
You feel drained.
* * * LOW HITPOINT WARNING * * *
You hit the goblin but do no damage.
The goblin is severely wounded.
The goblin hits you with a +1 dagger of draining.
You die...

##......................#.##
...#.########.#######...#.#
####..........#### #####.# #
#≈.≈##''#..#..# #.# ##
#≈⌠≈#...#♣.#..# #.#
.###≈≈≈#.♣.#♣.#..# #.#
...#####...#♣8#..# #.# ##.#
####''####.g## #.#
#†###..#...##..@.# #.#
#..##.<'.####.##.### #.#
##.####### # #...## #.# ###
###..# #.# ##.## #.#
#..###.# ##...#.# ###...#
#####..####


You could see a goblin.

Vanquished Creatures
  A ball python (D:1)
  A frilled lizard (D:1)
  2 kobolds (D:1)
4 creatures vanquished.

Notes
Turn   | Place    | Note
-------+----------+-------------------------------------------
     0 | D:1      | Esekla the Deep Elf Necromancer began the quest for the
                  | Orb.
     0 | D:1      | Reached XP level 1. HP: 10/10 MP: 6/6
   153 | D:1      | Reached skill level 5 in Necromancy
   170 | D:1      | Slain by a goblin

Illustrated notes

Levels and vault maps discovered:
D:1:      sevenhm_arrival_forest_fort_small_3, layout_rooms,
          chequers_serial_rivers_room_b, minmay_misc_feat_five

Skill      XL: |  1 |
---------------+----+-----
Necromancy     | 5 |  5.0
Dodging        | |  2.4
Stealth        | |  2.5
Spellcasting   | |  3.0

Action                     || total
---------------------------++-------
  Melee: Short sword       ||    12
         Unarmed           ||     9
   Stab: Sleeping          ||     1
 Armour: Robe              ||     4
  Dodge: Dodged            ||     9
